[ AOE2 MATCH · #475235398 ]
UnrankedHindustanis vs Slavs
[ REPLAY ANALYSIS · EXTRACTED FROM THE RECORDED GAME ]
Feudal
9:58
Castle
13:57
Imperial
—
| APM avg | 23.6 |
| APM peak | 61 |
| eAPM avg | 14.0 |
| Villagers / military | 58 / 0 |
Focus
⚔️ 6.4% · 🌾 93.6%
Feudal
11:54
Castle
15:33
Imperial
—
| APM avg | 42.6 |
| APM peak | 71 |
| eAPM avg | 20.7 |
| Villagers / military | 59 / 15 |
Focus
⚔️ 21.5% · 🌾 78.5%
Monk ×6 · Scorpion ×6 · Battering Ram ×3
Feudal
10:36
Castle
15:03
Imperial
—
| APM avg | 25.6 |
| APM peak | 57 |
| eAPM avg | 16.3 |
| Villagers / military | 52 / 2 |
Focus
⚔️ 24.9% · 🌾 75.1%
Militia ×2
Feudal
11:26
Castle
14:57
Imperial
—
| APM avg | 42.8 |
| APM peak | 84 |
| eAPM avg | 18.7 |
| Villagers / military | 44 / 26 |
Focus
⚔️ 24.5% · 🌾 75.5%
Militia ×16 · Spearman ×10
Feudal
—
Castle
—
Imperial
—
| APM avg | 26.5 |
| APM peak | 61 |
| eAPM avg | 16.1 |
| Villagers / military | 35 / 2 |
Focus
⚔️ 22.8% · 🌾 77.2%
Unknown (2586) ×6 · Monk ×2
Feudal
11:03
Castle
15:26
Imperial
—
| APM avg | 34.0 |
| APM peak | 67 |
| eAPM avg | 15.5 |
| Villagers / military | 56 / 18 |
Focus
⚔️ 26.7% · 🌾 73.3%
Scorpion ×9 · Battering Ram ×9 · Unknown (1105) ×2
Feudal
—
Castle
—
Imperial
—
| APM avg | 38.2 |
| APM peak | 61 |
| eAPM avg | 20.5 |
| Villagers / military | 47 / 3 |
Focus
⚔️ 20.8% · 🌾 79.2%
Mangonel ×2 · Spearman ×1
Feudal
11:35
Castle
16:23
Imperial
—
| APM avg | 39.4 |
| APM peak | 85 |
| eAPM avg | 17.9 |
| Villagers / military | 96 / 0 |
Focus
⚔️ 12.0% · 🌾 88.0%
Match map
Initial resources + every placement click. Lines = walls · curves = elevation contours. ◆ gold · ⬟ stone · ● berries · ✦ relic · ◌ wall gap
Your base· ✓ Closed at 13:57 · 0t walls · 2 gate(s)
Manuel Adorni's base· ✓ Closed at 15:33 · 0t walls · 2 gate(s)
123456789's base· ✓ Closed at 15:03 · 0t walls · 3 gate(s)
carlos__federico's base· ✓ Closed at 14:57 · 0t walls · 2 gate(s)
GatoNg2077's base· ✓ Closed at 11:22 · 0t walls · 2 gate(s)
Fencer_Khan's base· ✓ Closed at 15:26 · 0t walls · 3 gate(s)
Bartek2451979's base· ✓ Closed at 17:07 · 0t walls · 3 gate(s)
el pichichi's base· ✓ Closed at 16:23 · 0t walls · 3 gate(s)
Smoothed initial terrain · ◌ = detected wall gap · hover for details
Inputs per minute
— M0rT1nh0 - - Manuel Adorni
Build order — M0rT1nh0
126 actions detected in the replay
| 0:01 | Create | Villager (Male) |
| 0:01 | Create | Villager (Male) |
| 0:01 | Create | Villager (Male) |
| 0:03 | Build | House |
| 0:06 | Build | House |
| 0:32 | Create | Villager (Male) |
| 0:33 | Create | Villager (Male) |
| 1:07 | Create | Villager (Male) |
| 1:08 | Create | Villager (Male) |
| 1:38 | Create | Villager (Male) |
| 1:38 | Create | Villager (Male) |
| 1:46 | Build | Lumber Camp |
| 1:53 | Build | Lumber Camp |
| 2:08 | Create | Villager (Male) |
| 2:08 | Create | Villager (Male) |
| 2:16 | Create | Villager (Male) |
| 2:58 | Create | Villager (Male) |
| 2:58 | Create | Villager (Male) |
| 3:08 | Create | Villager (Male) |
| 3:29 | Build | House |
| 3:40 | Build | House |
| 3:56 | Create | Villager (Male) |
| 3:57 | Create | Villager (Male) |
| 4:27 | Create | Villager (Male) |
| 4:27 | Create | Villager (Male) |
| 4:46 | Create | Villager (Male) |
| 4:46 | Create | Villager (Male) |
| 5:31 | Build | Mill |
| 5:40 | Build | House |
| 5:43 | Create | Villager (Male) |
| 5:43 | Create | Villager (Male) |
| 6:05 | Create | Villager (Male) |
| 6:37 | Create | Villager (Male) |
| 7:23 | Build | Mining Camp |
| 7:48 | Research | Feudal Age |
| 8:48 | Create | Villager (Male) |
| 8:48 | Create | Villager (Male) |
| 9:41 | Build | Farm |
| 9:58 | Age | Feudal Age |
| 10:01 | Build | Market |
| 10:38 | Build | Blacksmith |
| 10:46 | Create | Villager (Male) |
| 11:17 | Research | Castle Age |
| 11:24 | Build | House |
| 11:31 | Research | Horse Collar |
| 11:57 | Build | Farm |
| 11:59 | Build | Farm |
| 12:04 | Build | Farm |
| 12:08 | Build | House |
| 12:27 | Build | Farm |
| 12:46 | Build | Farm |
| 12:51 | Research | Double-Bit Axe |
| 12:51 | Research | Double-Bit Axe |
| 13:00 | Build | Farm |
| 13:08 | Build | Farm |
| 13:19 | Build | Farm |
| 13:32 | Build | Farm |
| 13:46 | Create | Villager (Male) |
| 13:46 | Create | Villager (Male) |
| 13:57 | Age | Castle Age |
| 14:03 | Research | Bow Saw |
| 15:02 | Build | Town Center |
| 15:05 | Create | Villager (Male) |
| 15:21 | Research | Heavy Plow |
| 15:37 | Build | House |
| 15:39 | Create | Villager (Male) |
| 15:41 | Create | Villager (Male) |
| 15:54 | Create | Villager (Male) |
| 16:33 | Create | Villager (Male) |
| 16:34 | Create | Villager (Male) |
| 16:39 | Build | Town Center |
| 16:39 | Create | Villager (Male) |
| 16:44 | Create | Villager (Male) |
| 16:44 | Create | Villager (Male) |
| 16:45 | Create | Villager (Male) |
| 16:57 | Create | Villager (Male) |
| 17:03 | Build | Farm |
| 17:04 | Build | Farm |
| 17:05 | Build | Farm |
| 17:10 | Create | Villager (Male) |
| 17:14 | Build | House |
| 17:17 | Build | House |
| 17:29 | Create | Villager (Male) |
| 17:29 | Create | Villager (Male) |
| 17:32 | Create | Villager (Male) |
| 17:40 | Build | Farm |
| 17:42 | Build | Farm |
| 17:52 | Create | Villager (Male) |
| 18:00 | Create | Villager (Male) |
| 18:19 | Build | Farm |
| 18:20 | Build | Farm |
| 18:25 | Build | House |
| 18:27 | Build | House |
| 18:41 | Build | Farm |
| 18:43 | Build | Farm |
| 18:48 | Create | Villager (Male) |
| 19:00 | Build | Farm |
| 19:01 | Build | Farm |
| 19:01 | Build | Farm |
| 19:01 | Build | Farm |
| 19:01 | Build | Farm |
| 19:02 | Build | Farm |
| 19:02 | Build | Farm |
| 19:07 | Build | Farm |
| 19:12 | Build | Farm |
| 19:47 | Create | Villager (Male) |
| 19:49 | Build | Farm |
| 19:52 | Build | Farm |
| 19:52 | Create | Villager (Male) |
| 19:55 | Build | House |
| 19:57 | Build | House |
| 19:58 | Create | Villager (Male) |
| 20:11 | Create | Villager (Male) |
| 20:20 | Research | Loom |
| 20:21 | Research | Wheelbarrow |
| 20:27 | Build | Barracks |
| 20:31 | Create | Villager (Male) |
| 20:35 | Build | House |
| 20:37 | Build | House |
| 20:38 | Create | Villager (Male) |
| 20:41 | Research | Gold Mining |
| 20:42 | Create | Villager (Male) |
| 20:43 | Create | Villager (Male) |
| 20:50 | Create | Villager (Male) |
| 21:19 | Build | Barracks |
| 21:24 | Create | Villager (Male) |
Build order — Manuel Adorni
126 actions detected in the replay
| 0:02 | Create | Villager (Male) |
| 0:02 | Create | Villager (Male) |
| 0:03 | Build | House |
| 0:05 | Build | House |
| 0:18 | Create | Villager (Male) |
| 0:30 | Create | Villager (Male) |
| 0:30 | Create | Villager (Male) |
| 1:28 | Create | Villager (Male) |
| 1:29 | Create | Villager (Male) |
| 1:56 | Build | Lumber Camp |
| 2:02 | Create | Villager (Male) |
| 2:02 | Create | Villager (Male) |
| 2:24 | Create | Villager (Male) |
| 2:24 | Create | Villager (Male) |
| 2:24 | Create | Villager (Male) |
| 2:53 | Create | Villager (Male) |
| 2:54 | Create | Villager (Male) |
| 3:10 | Create | Villager (Male) |
| 3:11 | Create | Villager (Male) |
| 3:11 | Create | Villager (Male) |
| 3:34 | Build | House |
| 3:41 | Build | House |
| 3:43 | Build | House |
| 3:48 | Create | Villager (Male) |
| 3:48 | Create | Villager (Male) |
| 4:05 | Create | Villager (Male) |
| 4:05 | Create | Villager (Male) |
| 4:05 | Create | Villager (Male) |
| 4:18 | Create | Villager (Male) |
| 4:18 | Create | Villager (Male) |
| 4:18 | Create | Villager (Male) |
| 4:28 | Build | Mill |
| 4:34 | Create | Villager (Male) |
| 4:34 | Create | Villager (Male) |
| 4:57 | Create | Villager (Male) |
| 4:57 | Create | Villager (Male) |
| 4:57 | Create | Villager (Male) |
| 5:42 | Create | Villager (Male) |
| 5:43 | Create | Villager (Male) |
| 5:44 | Create | Villager (Male) |
| 5:57 | Build | Mill |
| 6:04 | Create | Villager (Male) |
| 6:20 | Create | Villager (Male) |
| 7:18 | Build | Farm |
| 7:20 | Build | Farm |
| 7:31 | Create | Villager (Male) |
| 8:07 | Create | Villager (Male) |
| 8:17 | Create | Villager (Male) |
| 8:22 | Build | House |
| 9:14 | Create | Villager (Male) |
| 9:19 | Build | Mining Camp |
| 9:21 | Research | Feudal Age |
| 10:11 | Create | Villager (Male) |
| 11:54 | Age | Feudal Age |
| 11:55 | Build | Market |
| 11:57 | Build | Blacksmith |
| 12:16 | Build | Lumber Camp |
| 12:17 | Research | Double-Bit Axe |
| 12:17 | Research | Double-Bit Axe |
| 12:53 | Research | Castle Age |
| 12:53 | Research | Castle Age |
| 12:54 | Research | Castle Age |
| 13:16 | Create | Villager (Male) |
| 13:20 | Build | House |
| 13:50 | Build | Farm |
| 13:52 | Build | Farm |
| 13:56 | Build | Farm |
| 13:57 | Build | House |
| 15:32 | Create | Villager (Male) |
| 15:33 | Age | Castle Age |
| 15:40 | Build | Siege Workshop |
| 15:44 | Build | Monastery |
| 16:15 | Build | Palisade Wall |
| 16:20 | Build | Palisade Wall |
| 16:22 | Build | Palisade Wall |
| 16:37 | Create | Villager (Male) |
| 16:37 | Create | Villager (Male) |
| 16:42 | Build | Monastery |
| 16:48 | Create | Villager (Male) |
| 17:09 | Build | House |
| 17:11 | Build | Farm |
| 17:12 | Build | Farm |
| 17:13 | Research | Bow Saw |
| 17:35 | Create | Monk |
| 17:35 | Create | Monk |
| 17:45 | Create | Villager (Male) |
| 17:52 | Build | Farm |
| 17:53 | Create | Villager (Male) |
| 17:57 | Build | Farm |
| 18:03 | Create | Scorpion |
| 18:17 | Create | Villager (Male) |
| 18:24 | Create | Villager (Male) |
| 18:27 | Build | Farm |
| 18:35 | Create | Battering Ram |
| 18:41 | Create | Villager (Male) |
| 18:42 | Create | Monk |
| 18:46 | Build | Farm |
| 18:48 | Create | Villager (Male) |
| 18:49 | Research | Horse Collar |
| 19:22 | Create | Monk |
| 19:50 | Create | Monk |
| 19:52 | Create | Battering Ram |
| 19:53 | Create | Scorpion |
| 19:54 | Create | Villager (Male) |
| 20:06 | Create | Monk |
| 20:08 | Create | Villager (Male) |
| 20:15 | Create | Battering Ram |
| 20:26 | Build | Mining Camp |
| 20:29 | Build | Siege Workshop |
| 20:30 | Create | Scorpion |
| 20:45 | Build | Farm |
| 20:47 | Build | Farm |
| 20:49 | Build | Farm |
| 20:50 | Create | Villager (Male) |
| 20:52 | Build | Farm |
| 20:52 | Create | Villager (Male) |
| 20:53 | Build | Farm |
| 20:55 | Create | Villager (Male) |
| 21:05 | Create | Scorpion |
| 21:07 | Create | Villager (Male) |
| 21:08 | Build | House |
| 21:22 | Create | Scorpion |
| 21:25 | Create | Villager (Male) |
| 21:28 | Build | House |
| 21:56 | Create | Scorpion |
| 21:58 | Create | Villager (Male) |
Build order — 123456789
117 actions detected in the replay
| 0:01 | Create | Villager (Male) |
| 0:03 | Build | House |
| 0:05 | Build | House |
| 0:16 | Create | Villager (Male) |
| 0:17 | Create | Villager (Male) |
| 0:23 | Create | Villager (Male) |
| 0:23 | Create | Villager (Male) |
| 1:26 | Create | Villager (Male) |
| 1:26 | Create | Villager (Male) |
| 1:46 | Build | Lumber Camp |
| 2:05 | Create | Villager (Male) |
| 2:05 | Create | Villager (Male) |
| 2:23 | Create | Villager (Male) |
| 2:23 | Create | Villager (Male) |
| 2:49 | Research | Loom |
| 3:07 | Create | Villager (Male) |
| 3:38 | Create | Villager (Male) |
| 3:45 | Build | House |
| 3:47 | Build | House |
| 4:06 | Create | Villager (Male) |
| 4:06 | Create | Villager (Male) |
| 4:28 | Create | Villager (Male) |
| 4:28 | Create | Villager (Male) |
| 4:41 | Build | Mill |
| 4:54 | Create | Villager (Male) |
| 4:54 | Create | Villager (Male) |
| 5:03 | Create | Villager (Male) |
| 5:22 | Create | Villager (Male) |
| 5:23 | Create | Villager (Male) |
| 6:06 | Create | Villager (Male) |
| 6:06 | Create | Villager (Male) |
| 6:07 | Create | Villager (Male) |
| 6:11 | Create | Villager (Male) |
| 6:40 | Create | Villager (Male) |
| 6:40 | Create | Villager (Male) |
| 6:40 | Create | Villager (Male) |
| 7:15 | Build | Farm |
| 7:17 | Build | Farm |
| 7:21 | Build | Farm |
| 7:33 | Build | Mining Camp |
| 8:26 | Research | Feudal Age |
| 8:26 | Research | Feudal Age |
| 10:07 | Create | Villager (Male) |
| 10:08 | Create | Villager (Male) |
| 10:36 | Age | Feudal Age |
| 10:43 | Build | Market |
| 10:46 | Build | Blacksmith |
| 11:14 | Build | Mill |
| 11:21 | Build | Mill |
| 12:23 | Research | Castle Age |
| 12:23 | Research | Castle Age |
| 13:00 | Research | Double-Bit Axe |
| 13:00 | Research | Double-Bit Axe |
| 13:21 | Research | Horse Collar |
| 13:55 | Create | Villager (Male) |
| 14:00 | Build | House |
| 14:53 | Build | Farm |
| 15:03 | Age | Castle Age |
| 15:05 | Build | Farm |
| 15:28 | Create | Villager (Male) |
| 15:30 | Research | Heavy Plow |
| 15:35 | Research | Bow Saw |
| 15:50 | Build | House |
| 16:00 | Create | Villager (Male) |
| 16:07 | Build | Farm |
| 16:20 | Build | Farm |
| 16:25 | Create | Villager (Male) |
| 16:25 | Create | Villager (Male) |
| 16:30 | Build | House |
| 16:36 | Build | Town Center |
| 16:46 | Build | House |
| 16:48 | Build | Palisade Wall |
| 16:50 | Create | Villager (Male) |
| 17:13 | Create | Villager (Male) |
| 17:18 | Create | Villager (Male) |
| 17:21 | Build | Farm |
| 17:38 | Build | Farm |
| 17:43 | Build | House |
| 17:53 | Build | Barracks |
| 17:57 | Create | Villager (Male) |
| 18:00 | Build | Farm |
| 18:09 | Build | Farm |
| 18:21 | Build | Town Center |
| 18:25 | Create | Villager (Male) |
| 18:34 | Create | Villager (Male) |
| 18:34 | Create | Villager (Male) |
| 18:45 | Build | Farm |
| 18:46 | Build | Farm |
| 19:03 | Build | Barracks |
| 19:05 | Create | Villager (Male) |
| 19:06 | Create | Villager (Male) |
| 19:18 | Create | Villager (Male) |
| 19:19 | Create | Villager (Male) |
| 19:21 | Build | Farm |
| 19:22 | Build | Farm |
| 19:23 | Build | Farm |
| 19:34 | Build | House |
| 19:53 | Research | Man-at-Arms (upgrade) |
| 19:55 | Research | Scale Mail Armor |
| 19:59 | Build | Farm |
| 20:01 | Build | Farm |
| 20:03 | Build | Farm |
| 20:07 | Create | Villager (Male) |
| 20:29 | Build | Farm |
| 20:32 | Build | Farm |
| 20:34 | Build | Farm |
| 20:37 | Create | Villager (Male) |
| 20:37 | Create | Villager (Male) |
| 20:41 | Build | House |
| 20:44 | Create | Militia ×2 |
| 21:04 | Create | Villager (Male) |
| 21:11 | Create | Villager (Male) |
| 21:15 | Build | Barracks |
| 21:26 | Build | Farm |
| 21:28 | Build | Farm |
| 21:30 | Build | Farm |
| 21:32 | Build | Farm |
Build order — carlos__federico
143 actions detected in the replay
| 0:01 | Create | Villager (Male) |
| 0:01 | Create | Villager (Male) |
| 0:01 | Create | Villager (Male) |
| 0:02 | Create | Villager (Male) |
| 0:02 | Create | Villager (Male) |
| 0:03 | Build | House |
| 0:04 | Build | House |
| 1:28 | Create | Villager (Male) |
| 1:28 | Create | Villager (Male) |
| 1:59 | Create | Villager (Male) |
| 2:12 | Build | Lumber Camp |
| 2:16 | Create | Villager (Male) |
| 2:17 | Create | Villager (Male) |
| 2:54 | Create | Villager (Male) |
| 2:54 | Create | Villager (Male) |
| 3:15 | Create | Villager (Male) |
| 3:15 | Create | Villager (Male) |
| 3:28 | Build | House |
| 3:28 | Build | House |
| 3:30 | Build | House |
| 3:51 | Create | Villager (Male) |
| 3:51 | Create | Villager (Male) |
| 4:22 | Create | Villager (Male) |
| 4:22 | Create | Villager (Male) |
| 5:30 | Create | Villager (Male) |
| 5:30 | Create | Villager (Male) |
| 5:30 | Create | Villager (Male) |
| 5:31 | Create | Villager (Male) |
| 5:31 | Create | Villager (Male) |
| 6:04 | Build | Mill |
| 6:12 | Create | Villager (Male) |
| 6:29 | Create | Villager (Male) |
| 6:51 | Create | Villager (Male) |
| 7:17 | Create | Villager (Male) |
| 7:43 | Create | Villager (Male) |
| 8:16 | Build | Lumber Camp |
| 8:57 | Build | Mining Camp |
| 9:15 | Research | Feudal Age |
| 9:15 | Research | Feudal Age |
| 9:50 | Build | Farm |
| 9:51 | Build | Farm |
| 9:58 | Build | Farm |
| 10:06 | Build | Farm |
| 11:05 | Create | Villager (Male) |
| 11:05 | Create | Villager (Male) |
| 11:26 | Age | Feudal Age |
| 11:27 | Build | Blacksmith |
| 11:28 | Build | Market |
| 12:02 | Build | Barracks |
| 12:17 | Research | Castle Age |
| 12:17 | Research | Castle Age |
| 12:20 | Build | House |
| 12:21 | Build | House |
| 12:22 | Build | House |
| 13:01 | Build | Farm |
| 13:03 | Research | Horse Collar |
| 13:03 | Research | Horse Collar |
| 13:33 | Build | Farm |
| 13:35 | Build | Farm |
| 13:42 | Build | Farm |
| 13:43 | Build | Farm |
| 13:49 | Build | House |
| 13:49 | Build | House |
| 14:02 | Build | Farm |
| 14:06 | Build | Farm |
| 14:26 | Create | Militia |
| 14:26 | Create | Militia |
| 14:27 | Create | Militia |
| 14:34 | Build | Barracks |
| 14:57 | Age | Castle Age |
| 14:58 | Build | Farm |
| 15:00 | Create | Villager (Male) |
| 15:00 | Create | Villager (Male) |
| 15:00 | Create | Villager (Male) |
| 15:11 | Create | Militia |
| 15:19 | Build | Farm |
| 15:29 | Create | Militia |
| 15:29 | Create | Militia |
| 15:31 | Build | House |
| 15:43 | Research | Man-at-Arms (upgrade) |
| 15:44 | Research | Man-at-Arms (upgrade) |
| 15:51 | Build | Farm |
| 15:52 | Build | Farm |
| 15:53 | Build | Farm |
| 16:10 | Create | Villager (Male) |
| 16:18 | Create | Militia |
| 16:19 | Create | Militia |
| 16:28 | Build | House |
| 16:29 | Create | Villager (Male) |
| 16:31 | Build | Farm |
| 16:36 | Create | Militia |
| 16:37 | Create | Militia |
| 16:59 | Create | Villager (Male) |
| 17:03 | Build | House |
| 17:04 | Build | House |
| 17:16 | Research | Long Swordsman (upgrade) |
| 17:16 | Research | Long Swordsman (upgrade) |
| 17:31 | Build | Farm |
| 17:35 | Build | Farm |
| 17:36 | Build | Farm |
| 17:40 | Create | Villager (Male) |
| 17:45 | Research | Scale Mail Armor |
| 17:45 | Research | Scale Mail Armor |
| 18:06 | Create | Spearman |
| 18:07 | Create | Spearman |
| 18:16 | Create | Villager (Male) |
| 18:25 | Build | House |
| 18:25 | Build | House |
| 18:39 | Research | Forging |
| 18:39 | Research | Forging |
| 18:39 | Research | Forging |
| 18:50 | Research | Squires |
| 19:11 | Build | Town Center |
| 19:13 | Create | Villager (Male) |
| 19:19 | Create | Spearman |
| 19:20 | Create | Spearman |
| 19:25 | Build | House |
| 19:44 | Create | Spearman |
| 19:56 | Research | Pikeman (upgrade) |
| 19:56 | Research | Pikeman (upgrade) |
| 20:02 | Build | House |
| 20:02 | Build | House |
| 20:29 | Create | Spearman |
| 20:30 | Create | Spearman |
| 20:30 | Create | Militia |
| 20:31 | Create | Militia |
| 20:31 | Create | Militia |
| 20:36 | Create | Villager (Male) |
| 20:56 | Create | Militia |
| 20:56 | Create | Militia |
| 21:09 | Create | Militia |
| 21:30 | Create | Villager (Male) |
| 21:32 | Create | Spearman |
| 21:32 | Create | Spearman |
| 21:32 | Create | Spearman |
| 21:46 | Create | Villager (Male) |
| 21:48 | Build | House |
| 21:48 | Build | House |
| 21:54 | Create | Villager (Male) |
| 21:54 | Create | Villager (Male) |
| 21:56 | Build | Farm |
| 21:57 | Build | Farm |
| 21:58 | Build | Farm |
Build order — GatoNg2077
71 actions detected in the replay
| 0:02 | Create | Villager (Male) ×4 |
| 0:04 | Build | House |
| 0:05 | Build | House |
| 1:31 | Create | Villager (Male) |
| 1:32 | Create | Villager (Male) |
| 1:52 | Build | Settlement |
| 2:02 | Create | Villager (Male) |
| 2:17 | Create | Villager (Male) |
| 2:17 | Create | Villager (Male) |
| 2:49 | Create | Villager (Male) |
| 3:23 | Create | Villager (Male) |
| 3:46 | Create | Villager (Male) |
| 4:06 | Create | Villager (Male) |
| 4:23 | Build | Settlement |
| 4:33 | Create | Villager (Male) |
| 5:03 | Create | Villager (Male) |
| 5:22 | Create | Villager (Male) |
| 5:39 | Create | Villager (Male) |
| 6:04 | Create | Villager (Male) |
| 6:23 | Build | Settlement |
| 6:41 | Create | Villager (Male) |
| 6:58 | Create | Villager (Male) |
| 7:39 | Research | Feudal Age |
| 9:30 | Build | Farm |
| 9:58 | Create | Villager (Male) |
| 10:09 | Build | Market |
| 10:21 | Build | Farm |
| 10:22 | Build | Farm |
| 10:23 | Build | Farm |
| 10:27 | Create | Villager (Male) |
| 10:38 | Build | Blacksmith |
| 10:53 | Create | Villager (Male) |
| 11:22 | Research | Castle Age |
| 11:41 | Research | Double-Bit Axe |
| 12:10 | Build | Settlement |
| 13:18 | Research | Stone Mining |
| 13:20 | Research | Horse Collar |
| 13:25 | Research | Gold Mining |
| 13:44 | Research | Loom |
| 14:01 | Create | Villager (Male) |
| 14:12 | Build | Monastery |
| 14:19 | Create | Villager (Male) |
| 14:48 | Build | Farm |
| 14:56 | Build | Farm |
| 15:14 | Create | Unit 2586 |
| 15:14 | Create | Unit 2586 |
| 15:14 | Create | Unit 2586 |
| 15:18 | Create | Villager (Male) |
| 15:22 | Build | Farm |
| 15:43 | Create | Villager (Male) |
| 16:08 | Create | Monk |
| 16:08 | Create | Monk |
| 16:11 | Build | Farm |
| 16:13 | Create | Villager (Male) |
| 16:35 | Create | Villager (Male) |
| 16:53 | Create | Villager (Male) |
| 17:09 | Build | House |
| 17:12 | Create | Villager (Male) |
| 17:34 | Build | Castle |
| 17:42 | Create | Villager (Male) |
| 18:07 | Create | Villager (Male) |
| 18:24 | Create | Villager (Male) |
| 19:05 | Build | Barracks |
| 19:13 | Build | Town Center |
| 19:19 | Create | Villager (Male) |
| 19:32 | Build | Siege Workshop |
| 19:38 | Build | House |
| 19:41 | Build | Palisade Wall |
| 19:45 | Create | Unit 2586 |
| 19:47 | Create | Unit 2586 |
| 20:32 | Create | Unit 2586 |
Build order — Fencer_Khan
125 actions detected in the replay
| 0:00 | Create | Villager (Male) |
| 0:01 | Create | Villager (Male) |
| 0:01 | Create | Villager (Male) |
| 0:03 | Build | House |
| 0:05 | Build | House |
| 0:31 | Create | Villager (Male) |
| 0:32 | Create | Villager (Male) |
| 1:31 | Create | Villager (Male) |
| 1:32 | Create | Villager (Male) |
| 1:49 | Build | Lumber Camp |
| 2:07 | Create | Villager (Male) |
| 2:08 | Create | Villager (Male) |
| 2:18 | Create | Villager (Male) |
| 2:18 | Create | Villager (Male) |
| 2:53 | Create | Villager (Male) |
| 2:53 | Create | Villager (Male) |
| 3:14 | Create | Villager (Male) |
| 3:15 | Create | Villager (Male) |
| 3:27 | Build | House |
| 3:36 | Create | Villager (Male) |
| 3:36 | Create | Villager (Male) |
| 3:42 | Build | Mill |
| 4:01 | Create | Villager (Male) |
| 4:01 | Create | Villager (Male) |
| 4:40 | Create | Villager (Male) |
| 4:40 | Create | Villager (Male) |
| 5:03 | Create | Villager (Male) |
| 5:03 | Create | Villager (Male) |
| 5:03 | Create | Villager (Male) |
| 5:57 | Create | Villager (Male) |
| 5:57 | Create | Villager (Male) |
| 5:58 | Create | Villager (Male) |
| 6:00 | Build | House |
| 6:19 | Create | Villager (Male) |
| 6:19 | Create | Villager (Male) |
| 7:17 | Build | Mining Camp |
| 7:25 | Create | Villager (Male) |
| 7:25 | Create | Villager (Male) |
| 8:24 | Create | Villager (Male) |
| 8:53 | Research | Feudal Age |
| 8:54 | Research | Feudal Age |
| 9:30 | Build | House |
| 10:06 | Build | Farm |
| 10:45 | Create | Villager (Male) |
| 10:46 | Create | Villager (Male) |
| 10:50 | Build | Farm |
| 10:51 | Build | Farm |
| 11:03 | Age | Feudal Age |
| 11:07 | Build | Market |
| 11:13 | Build | Blacksmith |
| 11:36 | Create | Villager (Male) |
| 12:07 | Build | Lumber Camp |
| 12:21 | Research | Loom |
| 12:22 | Research | Loom |
| 12:33 | Build | Farm |
| 12:34 | Build | Farm |
| 12:40 | Research | Castle Age |
| 12:40 | Research | Castle Age |
| 12:58 | Research | Horse Collar |
| 12:58 | Research | Horse Collar |
| 13:11 | Research | Double-Bit Axe |
| 13:11 | Research | Double-Bit Axe |
| 13:20 | Research | Horse Collar |
| 13:20 | Research | Horse Collar |
| 13:37 | Build | Farm |
| 13:38 | Build | Farm |
| 13:42 | Build | Farm |
| 14:17 | Create | Villager (Male) |
| 15:19 | Build | House |
| 15:23 | Build | House |
| 15:26 | Age | Castle Age |
| 15:30 | Create | Villager (Male) |
| 15:33 | Build | Siege Workshop |
| 15:56 | Build | Town Center |
| 16:03 | Build | Farm |
| 16:10 | Create | Villager (Male) |
| 16:14 | Create | Battering Ram |
| 16:14 | Create | Battering Ram |
| 16:34 | Create | Villager (Male) |
| 16:35 | Create | Battering Ram |
| 16:35 | Create | Battering Ram |
| 17:05 | Create | Battering Ram |
| 17:23 | Create | Villager (Male) |
| 17:24 | Create | Villager (Male) |
| 17:28 | Create | Villager (Male) |
| 17:28 | Create | Villager (Male) |
| 17:28 | Create | Villager (Male) |
| 17:33 | Create | Unit 1105 |
| 17:47 | Research | Bow Saw |
| 17:48 | Research | Bow Saw |
| 18:08 | Create | Battering Ram |
| 18:08 | Create | Battering Ram |
| 18:18 | Create | Villager (Male) |
| 18:19 | Create | Villager (Male) |
| 18:19 | Create | Villager (Male) |
| 18:39 | Create | Unit 1105 |
| 18:59 | Create | Scorpion |
| 18:59 | Create | Scorpion |
| 19:09 | Build | Farm |
| 19:09 | Build | Farm |
| 19:11 | Create | Villager (Male) |
| 19:11 | Create | Villager (Male) |
| 19:27 | Build | Farm |
| 19:31 | Build | Farm |
| 19:33 | Create | Villager (Male) |
| 19:33 | Create | Villager (Male) |
| 19:34 | Create | Villager (Male) |
| 20:16 | Create | Scorpion ×5 |
| 20:38 | Create | Scorpion |
| 20:38 | Create | Scorpion |
| 20:43 | Build | House |
| 20:43 | Build | House |
| 20:43 | Build | House |
| 20:43 | Build | House |
| 20:44 | Build | House |
| 20:44 | Build | House |
| 20:44 | Build | House |
| 20:55 | Create | Battering Ram |
| 20:55 | Create | Battering Ram |
| 21:25 | Create | Villager (Male) |
| 21:26 | Create | Villager (Male) |
| 21:26 | Create | Villager (Male) |
| 21:26 | Create | Villager (Male) |
| 21:35 | Build | University |
| 21:55 | Build | Town Center |
Build order — Bartek2451979
100 actions detected in the replay
| 0:02 | Create | Villager (Male) |
| 0:02 | Create | Villager (Male) |
| 0:02 | Create | Villager (Male) |
| 0:03 | Build | House |
| 0:05 | Build | House |
| 0:11 | Create | Villager (Male) |
| 1:29 | Create | Villager (Male) |
| 1:29 | Create | Villager (Male) |
| 1:54 | Build | Lumber Camp |
| 2:04 | Create | Villager (Male) |
| 2:04 | Create | Villager (Male) |
| 2:17 | Create | Villager (Male) |
| 2:47 | Create | Villager (Male) |
| 3:09 | Create | Villager (Male) |
| 3:09 | Create | Villager (Male) |
| 3:29 | Build | House |
| 3:38 | Create | Villager (Male) |
| 3:38 | Create | Villager (Male) |
| 3:50 | Build | Mill |
| 3:53 | Create | Villager (Male) |
| 4:35 | Create | Villager (Male) |
| 4:36 | Create | Villager (Male) |
| 5:04 | Create | Villager (Male) |
| 5:04 | Create | Villager (Male) |
| 5:13 | Build | House |
| 5:33 | Create | Villager (Male) |
| 5:44 | Build | Mill |
| 5:53 | Build | Mill |
| 5:54 | Create | Villager (Male) |
| 6:08 | Create | Villager (Male) |
| 6:18 | Create | Villager (Male) |
| 6:40 | Create | Villager (Male) |
| 7:39 | Create | Villager (Male) |
| 8:05 | Research | Feudal Age |
| 8:49 | Build | Mining Camp |
| 8:57 | Build | House |
| 9:08 | Create | Villager (Male) |
| 9:20 | Create | Villager (Male) |
| 9:50 | Build | Farm |
| 10:17 | Research | Double-Bit Axe |
| 10:20 | Research | Gold Mining |
| 10:24 | Research | Horse Collar |
| 10:46 | Create | Villager (Male) |
| 10:46 | Create | Villager (Male) |
| 10:46 | Research | Loom |
| 10:48 | Build | Farm |
| 11:09 | Build | Farm |
| 11:27 | Create | Villager (Male) |
| 11:36 | Build | Farm |
| 11:41 | Create | Villager (Male) |
| 11:52 | Create | Villager (Male) |
| 11:53 | Build | Barracks |
| 12:02 | Build | House |
| 12:08 | Build | Farm |
| 12:09 | Create | Villager (Male) |
| 12:34 | Build | Farm |
| 12:42 | Create | Villager (Male) |
| 12:47 | Build | Farm |
| 12:52 | Build | Farm |
| 12:59 | Build | Farm |
| 13:01 | Create | Villager (Male) |
| 13:41 | Build | Farm |
| 13:43 | Build | Farm |
| 13:44 | Create | Villager (Male) |
| 14:03 | Create | Villager (Male) |
| 14:07 | Build | Farm |
| 14:16 | Create | Spearman |
| 14:28 | Build | Farm |
| 14:30 | Build | Farm |
| 14:42 | Build | Farm |
| 14:50 | Create | Villager (Male) |
| 14:54 | Build | Farm |
| 14:56 | Build | Farm |
| 15:30 | Create | Villager (Male) |
| 15:33 | Build | Market |
| 15:46 | Build | House |
| 16:06 | Create | Villager (Male) |
| 16:30 | Create | Villager (Male) |
| 16:45 | Build | Blacksmith |
| 16:48 | Create | Villager (Male) |
| 17:05 | Build | Mining Camp |
| 17:07 | Research | Castle Age |
| 17:18 | Research | Fletching |
| 17:23 | Research | Stone Mining |
| 17:31 | Build | House |
| 17:32 | Build | House |
| 18:33 | Build | Archery Range |
| 18:42 | Research | Forging |
| 19:48 | Research | Loom |
| 19:49 | Create | Villager (Male) |
| 20:06 | Build | Town Center |
| 20:14 | Research | Bodkin Arrow |
| 20:24 | Create | Villager (Male) |
| 20:29 | Build | Siege Workshop |
| 20:41 | Create | Villager (Male) |
| 20:49 | Create | Villager (Male) |
| 21:19 | Create | Mangonel |
| 21:19 | Create | Mangonel |
| 21:21 | Create | Villager (Male) |
| 21:41 | Build | Castle |
Build order — el pichichi
121 actions detected in the replay
| 0:01 | Create | Villager (Male) ×4 |
| 0:02 | Create | Villager (Male) ×4 |
| 0:02 | Create | Villager (Male) ×4 |
| 0:03 | Build | House |
| 0:04 | Build | House |
| 1:27 | Create | Villager (Male) |
| 1:27 | Create | Villager (Male) |
| 1:47 | Build | Lumber Camp |
| 2:09 | Create | Villager (Male) |
| 2:09 | Create | Villager (Male) |
| 2:29 | Create | Villager (Male) |
| 2:29 | Create | Villager (Male) |
| 2:59 | Create | Villager (Male) |
| 2:59 | Create | Villager (Male) |
| 2:59 | Create | Villager (Male) |
| 3:19 | Create | Villager (Male) |
| 3:20 | Create | Villager (Male) |
| 3:27 | Build | House |
| 4:25 | Create | Villager (Male) ×2 |
| 4:25 | Create | Villager (Male) ×2 |
| 4:44 | Create | Villager (Male) |
| 4:44 | Create | Villager (Male) |
| 4:56 | Build | Mill |
| 5:02 | Create | Villager (Male) |
| 5:02 | Create | Villager (Male) |
| 5:46 | Create | Villager (Male) |
| 5:52 | Create | Villager (Male) |
| 5:52 | Create | Villager (Male) |
| 5:59 | Build | House |
| 6:10 | Create | Villager (Male) ×2 |
| 6:10 | Create | Villager (Male) ×2 |
| 6:46 | Create | Villager (Male) |
| 6:47 | Create | Villager (Male) |
| 7:00 | Create | Villager (Male) ×2 |
| 7:00 | Create | Villager (Male) ×2 |
| 7:00 | Create | Villager (Male) |
| 8:16 | Build | House |
| 9:14 | Build | Mining Camp |
| 9:22 | Research | Feudal Age |
| 9:30 | Build | Mill |
| 9:40 | Build | Farm |
| 9:44 | Build | Farm |
| 9:45 | Build | Farm |
| 9:47 | Create | Villager (Male) |
| 9:47 | Create | Villager (Male) |
| 9:49 | Create | Villager (Male) |
| 11:04 | Build | Farm |
| 11:06 | Build | Farm |
| 11:35 | Age | Feudal Age |
| 11:56 | Build | Blacksmith |
| 12:03 | Build | Market |
| 12:16 | Build | House |
| 12:28 | Build | Farm |
| 12:34 | Create | Villager (Male) |
| 13:08 | Build | Farm |
| 13:18 | Build | Farm |
| 13:43 | Research | Castle Age |
| 14:23 | Build | Farm |
| 14:45 | Create | Villager (Male) ×5 |
| 15:18 | Research | Double-Bit Axe |
| 15:33 | Research | Horse Collar |
| 16:23 | Age | Castle Age |
| 16:50 | Build | Town Center |
| 16:59 | Build | Town Center |
| 17:14 | Build | Farm |
| 17:15 | Research | Bow Saw |
| 17:34 | Research | Heavy Plow |
| 17:59 | Create | Villager (Male) |
| 18:00 | Create | Villager (Male) |
| 18:02 | Create | Villager (Male) |
| 18:03 | Create | Villager (Male) |
| 18:03 | Create | Villager (Male) |
| 18:12 | Create | Villager (Male) |
| 18:15 | Build | Farm |
| 18:30 | Create | Villager (Male) |
| 18:30 | Create | Villager (Male) |
| 18:35 | Build | Farm |
| 18:47 | Build | Farm |
| 18:50 | Build | Farm |
| 18:51 | Create | Villager (Male) |
| 18:51 | Create | Villager (Male) |
| 18:52 | Create | Villager (Male) |
| 19:03 | Build | Farm |
| 19:04 | Build | Farm |
| 19:54 | Research | Wheelbarrow |
| 19:55 | Create | Villager (Male) ×2 |
| 19:55 | Create | Villager (Male) ×2 |
| 19:59 | Build | Farm |
| 20:05 | Build | Farm |
| 20:05 | Build | Farm |
| 20:14 | Build | Farm |
| 20:15 | Build | Farm |
| 20:16 | Build | Farm |
| 20:20 | Build | Mill |
| 20:22 | Build | Farm |
| 20:23 | Build | Farm |
| 20:24 | Build | Farm |
| 20:25 | Build | Farm |
| 20:30 | Create | Villager (Male) ×3 |
| 20:31 | Create | Villager (Male) ×3 |
| 20:37 | Build | House |
| 20:38 | Build | House |
| 20:38 | Build | House |
| 20:39 | Build | House |
| 20:40 | Build | House |
| 20:41 | Build | House |
| 20:42 | Build | House |
| 21:02 | Create | Villager (Male) ×3 |
| 21:03 | Create | Villager (Male) |
| 21:03 | Create | Villager (Male) |
| 21:03 | Create | Villager (Male) |
| 21:10 | Create | Villager (Male) |
| 21:10 | Create | Villager (Male) |
| 21:18 | Create | Villager (Male) |
| 21:34 | Build | Town Center |
| 21:41 | Create | Villager (Male) ×3 |
| 21:41 | Create | Villager (Male) ×3 |
| 21:53 | Create | Villager (Male) ×3 |
| 21:53 | Create | Villager (Male) ×3 |
| 21:58 | Build | Farm |
| 21:59 | Build | Farm |
Match timeline
| 9:58 | M0rT1nh0 · age_up feudal |
| 10:36 | 123456789 · age_up feudal |
| 11:03 | Fencer_Khan · age_up feudal |
| 11:26 | carlos__federico · age_up feudal |
| 11:35 | el pichichi · age_up feudal |
| 11:53 | Bartek2451979 · first_building Barracks |
| 11:54 | Manuel Adorni · age_up feudal |
| 12:02 | carlos__federico · first_building Barracks |
| 13:57 | M0rT1nh0 · age_up castle |
| 14:12 | GatoNg2077 · first_building Monastery |
| 14:57 | carlos__federico · age_up castle |
| 15:03 | 123456789 · age_up castle |
| 15:26 | Fencer_Khan · age_up castle |
| 15:33 | Manuel Adorni · age_up castle |
| 15:33 | Fencer_Khan · first_building Siege Workshop |
| 15:40 | Manuel Adorni · first_building Siege Workshop |
| 15:44 | Manuel Adorni · first_building Monastery |
| 15:48 | el pichichi · first_market_buy 100 wood |
| 16:15 | Manuel Adorni · wall_segment Palisade Wall x1 |
| 16:20 | Manuel Adorni · wall_segment Palisade Wall x1 |
| 16:22 | Manuel Adorni · wall_segment Palisade Wall x1 |
| 16:23 | el pichichi · age_up castle |
| 16:48 | 123456789 · wall_segment Palisade Wall x1 |
| 17:34 | GatoNg2077 · first_building Castle |
| 17:53 | 123456789 · first_building Barracks |
| 18:33 | Bartek2451979 · first_building Archery Range |
| 19:05 | GatoNg2077 · first_building Barracks |
| 19:32 | GatoNg2077 · first_building Siege Workshop |
| 19:41 | GatoNg2077 · wall_segment Palisade Wall x4 |
| 20:27 | M0rT1nh0 · first_building Barracks |
| 20:29 | Bartek2451979 · first_building Siege Workshop |
| 21:32 | GatoNg2077 · resign |
| 21:41 | Bartek2451979 · first_building Castle |
[ AI ANALYSIS · 1 CREDIT ]
What really happened in this match?
Wolo.gg analyzes every decision: build order, eco, micro, common mistakes by bracket. Personalized analysis on WhatsApp or Discord in 30 seconds.
Civ guide
Hindustanis
Perfil
Jugador #217530